 Seeded DCSS version 0.28-a0-861-ge64d6db94f (webtiles) character file.

Game seed: 20211120 (custom seed)

135 a11behringer the Insei (level 4, -1/35 HPs)
             Began as a Demigod Transmuter on Nov 16, 2021.
             Slain by a goblin (3 damage)
             ... on level 4 of the Dungeon.
             The game lasted 00:13:14 (2749 turns).

a11behringer the Insei (Demigod Transmuter)         Turns: 2749, Time: 00:13:15

Health: -1/35      AC:  3    Str: 11    XL:     4   Next: 65%
Magic:  18/19      EV: 12    Int: 19    God:
Gold:   153        SH:  0    Dex: 14    Spells: 4/7 levels left

rFire   . . .      SeeInvis .     - Unarmed
rCold   . . .      Faith    .   (no shield)
rNeg    . . .      Spirit   .   a - +0 robe
rPois   .          Reflect  .   (helmet currently unavailable)
rElec   .          Harm     .   j - scarf {+Inv}
rCorr   .          Rampage  .   h - +0 pair of gloves
Will    .....                   (boots currently unavailable)
Stlth   +.........              (no amulet)
HPRegen 0.11/turn               l - ring of magical power
MPRegen 0.16/turn               (no ring)

@: appendages, wereblooded, flying
A: horns 2, talons 2, high mp 1, forlorn
a: End Transformation, Evoke Invisibility


You were on level 4 of the Dungeon.
You had temporarily grown beastly horns and talons.
You visited 1 branch of the dungeon, and saw 4 of its levels.

You collected 153 gold pieces.

Inventory:

Hand Weapons
 g - a +0 bardiche
Missiles
 o - a throwing net
Armour
 a - a +0 robe (worn)
 b - a +0 plate armour
 h - a +0 pair of gloves (worn)
 j - a scarf of invisibility (worn)
Jewellery
 l - a ring of magical power (left hand)
Scrolls
 d - 3 scrolls of enchant weapon
 k - 3 scrolls of teleportation
Potions
 c - a potion of attraction
 e - a potion of curing {unknown}
 f - a potion of invisibility {unknown}
 i - 2 potions of flight
 m - a potion of heal wounds {unknown}
 n - a potion of brilliance {unknown}


   Skills:
 + Level 1.0 Fighting
 + Level 2.5 Dodging
 + Level 0.2 Stealth
 + Level 3.4 Unarmed Combat
 + Level 2.4 Spellcasting
 * Level 3.1 Transmutations


You had 4 spell levels left.
You knew the following spells:

 Your Spells              Type           Power      Damage    Failure   Level
a - Beastly Appendage     Tmut           28%        N/A       4%          1
b - Wereblood             Tmut           14%        N/A       7%          2

Your spell library contained the following spells:

 Spells                   Type           Power      Damage    Failure   Level
 Sting                    Tmut/Pois      32%        1d4       9%          1
 Poisonous Vapours        Pois/Air       4%         N/A       24%         2
 Spider Form              Tmut/Pois      8%         N/A       26%         3
 Ice Form                 Ice/Tmut       8%         N/A       65%         4
 Olgreb's Toxic Radiance  Pois           2%         N/A       85%         4


Dungeon Overview and Level Annotations

Branches:
Dungeon (4/15)             Temple (0/1) D:4

Shops:
D:4 (


Innate Abilities, Weirdness & Mutations

You have temporarily grown beastly horns and talons.
Your attributes grow dramatically as you level up.
You have an increased reservoir of magic. (+10% MP)
You shall have no god before yourself.


Message History

The kobold hits you with a +0 whip. The adder bites you.
You hit the kobold.
You feel a bit better.
You kill the kobold!
You feel sick.
You are no longer poisoned.
The adder bites you.
You are poisoned.
The adder poisons you!
You barely miss the adder.
You feel sick. The adder bites you.
* * * LOW HITPOINT WARNING * * *
You barely miss the adder.
You feel sick. The adder bites you but does no damage.
You hit the adder. Your headbutt misses the adder.
The adder is lightly wounded.
You feel sick. The adder closely misses you.
The giant cockroach barely misses you. The adder bites you.
* * * LOW HITPOINT WARNING * * *
You completely miss the adder. Your kick misses the adder.
The adder is lightly wounded.
The giant cockroach barely misses you. The adder misses you.
You barely miss the adder. Your headbutt misses the adder.
The adder is lightly wounded.
You howl as the wereblood boils in your veins!
You feel sick.
The giant cockroach bites you but does no damage.
The adder barely misses you.
You hit the adder. You headbutt the adder.
The adder is almost dead.
You feel sick.
You are no longer poisoned.
The adder bites you.
* * * LOW HITPOINT WARNING * * *
The giant cockroach closely misses you.
The goblin unwields a +0 hunting sling.
The goblin wields a +0 dagger.
The goblin hits you with a +0 dagger.
* * * LOW HITPOINT WARNING * * *
It was a potion of flight.
You feel very buoyant.
You fly up into the air.
The adder closely misses you. The giant cockroach closely misses you.
The goblin hits you with a +0 dagger.
You die...

........ . #......#
# #. .......#.#
#..#.###..$......
#.............. .
.##........... ..
......#.gBS##
...##....#..@..#
#....>...##..(##
.............#
#...#.....#......
##..##....##.....!.
#...#...###...###..
#.......# .⌠.# .
##......###...#
###.....).....


You could see an adder, a giant cockroach and a goblin.

Vanquished Creatures
  6 adders
  A dart slug (D:3)
  An orc (D:3)
  8 bats
  6 endoplasms
  A giant cockroach (D:2)
  6 hobgoblins
  4 jackals (D:1)
  15 kobolds
  5 quokkas
  9 ball pythons
  5 goblins
  5 rats
72 creatures vanquished.

Vanquished Creatures (others)
  3 plants (D:3)
3 creatures vanquished.

Grand Total: 75 creatures vanquished

Notes
Turn   | Place    | Note
-------+----------+-------------------------------------------
     0 | D:1      | a11behringer the Demigod Transmuter began the quest for the
                  | Orb.
     0 | D:1      | Reached XP level 1. HP: 15/15 MP: 5/5
   362 | D:1      | Reached XP level 2. HP: 22/22 MP: 2/7
   365 | D:1      | Learned a level 2 spell: Wereblood
   643 | D:1      | You fall into a shaft and drop 1 floor!
   894 | D:2      | Reached XP level 3. HP: 22/27 MP: 6/8
  1831 | D:3      | Reached skill level 1 in Fighting
  1977 | D:3      | Reached XP level 4. HP: 30/35 MP: 9/9
  2626 | D:4      | Found Icoasizy's Antique Weapon Emporium.
  2723 | D:4      | Found a staircase to the Ecumenical Temple.
  2749 | D:4      | Slain by a goblin

Illustrated notes

Levels and vault maps discovered:
D:1:      wheals_arrival_shading, layout_rooms
D:2:      minmay_kobold_bridge, layout_rooms,
          dilly_ecumenical_altar_fadedgnrine, amcnicky_mini_pool_small,
          chequers_serial_rivers_small_b
D:3:      layout_rooms, serial_bayou_pond_b
D:4:      layout_cave_pools, mainiacjoe_overflow_big_doors,
          minmay_temple_entry_junction, serial_shops, nicolae_shop_trees

Skill      XL: |  1  2  3  4 |
---------------+-------------+-----
Unarmed Combat | 3 |  3.4
Transmutations | 2 3 |  3.1
Dodging        | 2 |  2.5
Spellcasting   | 2 |  2.4
Fighting       | 1 |  1.0
Stealth        | |  0.2

Action                   |  1- 3 |  4- 6 || total
-------------------------+-------+-------++-------
Melee: Unarmed           |   123 |    72 ||   195
       Kick              |    17 |     6 ||    23
       Headbutt          |    19 |     9 ||    28
       Punch             |     1 |     1 ||     2
 Cast: Beastly Appendage |    30 |    12 ||    42
       Wereblood         |     3 |     3 ||     6
  Use: Scroll            |     2 |     1 ||     3
       Potion            |       |     1 ||     1
 Stab: Sleeping          |     1 |     1 ||     2
Armor: Robe              |    31 |    22 ||    53
Dodge: Dodged            |    77 |    61 ||   138

Table legend: (Time is in decaauts)
 A = Elapsed time spent in this place.
 B = Non-inter-level travel time spent in this place.
 C = Inter-level travel time spent in this place.
 D = Time resting spent in this place.
 E = Time spent auto-exploring this place.
 F = Levels seen in this place.
 G = Mean time per level.
                   A        B        C        D        E       F      G
               +--------+--------+--------+--------+--------+-----+--------+
         Total |   2741 |   2338 |    403 |      0 |   1815 |   4 |  685.2 |
       Dungeon |   2741 |   2338 |    403 |      0 |   1815 |   4 |  685.2 |
               +--------+--------+--------+--------+--------+-----+--------+

Top non-repeatable levels by time:
     D:3: 948 daAuts
     D:2: 894 daAuts
     D:1: 770 daAuts
     D:4: 127 daAuts
